 Dungeon Crawl Stone Soup version 0.19.1-1-g22dce08 (webtiles) character file.

207 theAP the Skirmisher (level 5, -2/35 HPs)
             Began as a Gargoyle Fighter on Jan 3, 2017.
             Was an Initiate of Ru.
             Killed by divine providence
             ... invoked by an orc priest
              (7 damage)
             ... on level 4 of the Dungeon.
             The game lasted 00:06:29 (2280 turns).

theAP the Skirmisher (Gargoyle Fighter)             Turns: 2280, Time: 00:06:29

Health: -2/35      AC: 15    Str: 18 (21) XL:     5   Next: 85%
Magic:  5/5        EV:  7    Int:  8      God:    Ru [......]
Gold:   178        SH:  8    Dex:  7 (9)  Spells: 0 memorised, 4 levels left

rFire  . . .     SeeInvis .     h - +2 flail (protect)
rCold  . . .     Gourm    .     b - +0 scale mail
rNeg   + . .     Faith    .     c - +0 shield
rPois  ∞         Spirit   .     (no helmet)
rElec  +         Reflect  .     l - +2 cloak
rCorr  .         Harm     .     (no gloves)
MR     .....                    i - +0 pair of boots (curse)
Stlth  ..........               (no amulet)
                                (no ring)
                                (no ring)

@: no status effects
A: negative energy resistance 1, electricity resistance, unbreathing,
petrification resistance, rot immunity, no stealth, AC +4
a: Renounce Religion


You were on level 4 of the Dungeon.
You worshipped Ru.
Ru was noncommittal.
You were hungry.

You visited 1 branch of the dungeon, and saw 4 of its levels.

You collected 178 gold pieces.

Inventory:

Hand Weapons
 a - a +0 flail
 h - a +2 flail of protection (weapon)
Armour
 b - a +0 scale mail (worn)
 c - a +0 shield (worn)
 i - a cursed +0 pair of boots (worn)
 l - a +2 cloak (worn)
Wands
 n - a wand of digging (11/24)
Scrolls
 e - a scroll of fog
 g - a scroll of remove curse
 k - a scroll of teleportation {unknown}
Potions
 d - a potion of might
 m - a potion of heal wounds {unknown}
Books
 o - a book of Cantrips

   Spells                             Type                      Level
   a - Confusing Touch                Hexes                        1
   b - Animate Skeleton               Necromancy                   1
   c - Summon Small Mammal            Summoning                    1
   d - Apportation                    Translocation                1
Comestibles
 f - 3 bread rations
 p - 2 fruits


   Skills:
 + Level 5.4 Fighting
 + Level 4.1 Maces & Flails
 - Level 3.4 Armour
 - Level 3.4 Shields


You had 4 spell levels left.
You didn't know any spells.

Dungeon Overview and Level Annotations

Branches:
Dungeon (4/15)
 Temple: D:4-7

Altars:
Makhleb
Okawaru
Ru
Vehumet


Innate Abilities, Weirdness & Mutations

You are resistant to torment.
Your stone body is resilient. (AC +4)
You are immune to poison.
You resist negative energy. (rN+)
You are resistant to electric shocks. (rElec)
You can survive without breathing.
You are immune to petrification.
You are immune to rotting.
You cannot be stealthy.


Message History

The magic dart hits you!
The orc wizard points at you and mumbles some strange words.
The magic dart hits you!
You are confused.
You bump into the rock wall.
You bump into the rock wall.
You bump into the rock wall.
The orc wizard hits you but does no damage.
You're too confused to move!
The orc wizard hits you but does no damage.
You bump into the rock wall.
You feel less confused.
The orc priest invokes the aid of Beogh against you.
Beogh smites you! You block the orc wizard's attack.
The orc priest mumbles some strange prayers to Beogh against you.
Beogh smites you!
* * * LOW HITPOINT WARNING * * *
The orc priest mumbles some strange prayers to Beogh against you.
Beogh smites you!
You die...

##.....###.#########.#
#..........# #.#
#.....###### #.# #
#.......# #.# #o
#.....#.# #.#
#..#.....#.# #.#
####........#.# #.#
<...# #..=..#.#### #.#
###.# #....oo.o.@# #.#
#.......o..#.# #.#
##.........#.#########.#
#....<....#...........#
####......#############
......#.# ######.#.#
..#.#


You could see an orc priest, an orc wizard and 2 orcs.

Vanquished Creatures
  A hound (D:3)
  Jessica (D:3)
  A bullfrog skeleton (D:4)
  2 orc wizards (D:3)
  An adder (D:3)
  An ooze (D:3)
  3 dart slugs (D:2)
  A leopard gecko (D:2)
  2 orcs (D:3)
  3 giant cockroaches
  7 goblins
  6 hobgoblins
  4 jackals (D:4)
  7 kobolds
  4 quokkas
  6 bats
  3 frilled lizards (D:2)
  5 rats
58 creatures vanquished.

Notes
Turn   | Place    | Note
-------+----------+-------------------------------------------
     0 | D:1      | theAP the Gargoyle Fighter began the quest for the Orb.
     0 | D:1      | Reached XP level 1. HP: 14/14 MP: 1/1
   584 | D:1      | Reached XP level 2. HP: 15/19 MP: 2/2
   915 | D:2      | Reached XP level 3. HP: 18/24 MP: 3/3
  1054 | D:2      | Found a sacrificial altar of Ru.
  1057 | D:2      | Found a radiant altar of Vehumet.
  1084 | D:2      | Became a worshipper of Ru the Awakened
  1355 | D:2      | Reached skill level 4 in Fighting
  1436 | D:3      | Found an iron altar of Okawaru.
  1444 | D:3      | Noticed Jessica
  1471 | D:3      | Killed Jessica
  1471 | D:3      | Reached XP level 4. HP: 25/29 MP: 4/4
  1616 | D:3      | Found a burning altar of Makhleb.
  1799 | D:3      | Reached XP level 5. HP: 22/34 MP: 5/5
  1805 | D:3      | Reached skill level 5 in Fighting
  2232 | D:4      | Gained mutation: You cannot be stealthy. [Ru sacrifice]
  2280 | D:4      | Killed from afar by an orc priest

Skill      XL: |  1  2  3  4  5 |
---------------+----------------+-----
Fighting       | 4 5 |  5.4
Maces & Flails | 3 4 |  4.1
Armour         | |  3.4
Shields        | |  3.4

Action                   |  1- 3 |  4- 6 || total
-------------------------+-------+-------++-------
Melee: Flail             |   131 |   147 ||   278
Invok: Sacrifice Stealth |       |     1 ||     1
  Use: Scroll            |     3 |       ||     3
       Potion            |       |     2 ||     2
  Eat: Beef jerky        |     1 |       ||     1
       Chunk             |       |     3 ||     3
Armor: Scale mail        |    87 |   153 ||   240
Dodge: Dodged            |    53 |    70 ||   123
Block: Shield            |    91 |    76 ||   167
